AoeStats
← MilkyDady8720

Arena

509531103Analyzed
2v2 RM · 4d ago on Sep 27, 2026· 15m 24s· 4 players
Game mode
Random Map
Map size
Medium (4 player)
Population
200
Speed
Normal
Resources
Standard
Victory
Conquest
Starting age
Dark Age
Ending age
Imperial Age
RankedLock teamsTeams togetherTeam positionsShared explorationLock speedFull tech treeHidden civsTurbo modeCheats
Victory
Defeat
🇦🇷 Sicilians · Argentina
922
+17
🇦🇷 Mongols · Argentina
882
+19
🇨🇳 Muisca · China
959
-19
🇨🇳 Danes · China
926
-17
JAAD7
4:15 Loom
6:38 Loom
7:47 Loom
10:10 Feudal Age
17:29 Castle Age
MilkyDady8720
8:53 Loom
smiley_zhao
11:31 Feudal Age
10:57 Loom
vincent_zhao
14:54 Feudal Age
Connection lost

Rejoining the realm…

Still unreachable

The connection could not be restored.

Session expired

The server has moved on; the page needs a fresh start.